 Dungeon Crawl Stone Soup version 0.29.1-1-gd02db69 (webtiles) character file.

Game seed: 10174531423773581111

48 Timinator the Insei (level 3, -3/28 HPs)
             Began as a Demigod Transmuter on Jan 14, 2023.
             Slain by a gnoll
             ... wielding a +0 whip
              (5 damage)
             ... on level 1 of the Dungeon.
             The game lasted 00:03:42 (1443 turns).

Timinator the Insei (Demigod Transmuter)            Turns: 1443, Time: 00:03:43

Health: -3/28      AC:  2    Str: 11    XL:     3   Next: 30%
Magic:  4/8        EV: 12    Int: 15    God:
Gold:   10         SH:  0    Dex: 18    Spells: 3/6 levels left

rFire   . . .      SeeInvis .     - Unarmed
rCold   . . .      Faith    .   (no shield)
rNeg    . . .      Spirit   .   a - +0 robe
rPois   .          Reflect  .   (helmet currently unavailable)
rElec   .          Harm     .   (no cloak)
rCorr   .          Rampage  .   (no gloves)
Will    .....                   (boots currently unavailable)
Stlth   ++........              (no amulet)
HPRegen 0.09/turn               (no ring)
MPRegen 0.11/turn               (no ring)

@: appendages (expiring), wereblooded
A: horns 2, talons 2, high MP 1, forlorn, divine attributes
a: End Transformation


You were on level 1 of the Dungeon.
You had temporarily grown beastly horns and talons.
You visited 1 branch of the dungeon, and saw 2 of its levels.

You collected 10 gold pieces.

Inventory:

Missiles
 f - 7 poisoned darts
Armour
 a - a +0 robe (worn)
 i - a +0 ring mail
Scrolls
 g - a scroll of noise {unknown}
 h - a scroll of enchant weapon {unknown}
 j - a scroll of poison {unknown}
Potions
 b - a potion of might {unknown}
 c - a potion of curing {unknown}
 d - a potion of mutation {unknown}
 e - a potion of heal wounds {unknown}


   Skills:
 + Level 1.3 Fighting
 * Level 0.9 Armour
 + Level 2.1 Dodging
 * Level 3.2 Unarmed Combat
 - Level 2.0 Spellcasting
 + Level 2.1 Transmutations


You had 3 spell levels left.
You knew the following spells:

 Your Spells              Type           Power      Damage    Failure   Level
a - Beastly Appendage     Tmut           14%        N/A       10%         1
b - Wereblood             Tmut           7%         N/A       14%         2

Your spell library contained the following spells:

 Spells                   Type           Power      Damage    Failure   Level
 Sandblast                Erth           2%         2d4       22%         1
 Passwall                 Tmut/Erth      3%         N/A       22%         2
 Spider Form              Tmut/Pois      4%         N/A       41%         3
 Stone Arrow              Conj/Erth      2%         3d7       54%         3
 Ice Form                 Ice/Tmut       4%         N/A       82%         4


Dungeon Overview and Level Annotations

Branches:
Dungeon (2/15)


Innate Abilities, Weirdness & Mutations

You have temporarily grown beastly horns and talons.
You have an increased reservoir of magic. (+10% MP)
You shall have no god before yourself.
Your divine heritage dramatically boosts your attributes as you level up.


Message History

The gnoll is severely wounded.
You hit the gnoll. You claw the gnoll.
You kill the gnoll!
You see here a +0 spear.
You start resting.
Magic restored.
You start resting.
Your transformation is almost over.
Your horns disappear.
Your talons disappear.
HP restored.
There is a stone staircase leading down here.
Casting: Beastly Appendage (safe; 10% risk of failure)
Confirm with . or Enter, or press ? or * to list all spells.
You grow a pair of large bovine horns.
Your feet morph into talons.
Casting: Beastly Appendage (safe; 10% risk of failure)
Confirm with . or Enter, or press ? or * to list all spells.
You miscast Wereblood.
You are very lightly contaminated with residual magic.
Nothing appears to happen.
Casting: Wereblood (safe; 14% risk of failure)
Confirm with . or Enter, or press ? or * to list all spells.
Your blood is infused with primal strength.
Your transformation is almost over.
You climb downwards.
The gnoll barely misses you. The gnoll closely misses you.
There is a stone staircase leading up, spattered with blood here.
The gnoll hits you with a +0 flail! The gnoll hits you with a +0 whip!
You climb upwards.
There is a stone staircase leading down here.
You hit the gnoll. Your headbutt misses the gnoll.
The gnoll is moderately wounded.
The gnoll misses you. The gnoll hits you with a +0 whip!
* * * LOW HITPOINT WARNING * * *
You hit the gnoll.
The gnoll is heavily wounded.
The gnoll closely misses you. The gnoll barely misses you.
Your magical contamination has completely faded away.
You hit the gnoll but do no damage.
The gnoll is heavily wounded.
The gnoll barely misses you. The gnoll hits you with a +0 whip.
You die...

###########.#
#.†.........#
#.#########.# #.# #.#
#.# #.# #.#########.#
#......).....
################.#
#@g..............)
##g.##############
######.##############
#....÷....##........#
#......##..'........#
#......#####........#
#.###### ##..######
##.# #......... #..#
#....####.


You could see 2 gnolls.

Vanquished Creatures
  2 gnolls (D:1)
  2 dart slugs (D:1)
  2 bats (D:1)
  3 endoplasms (D:1)
  2 goblins (D:1)
  2 hobgoblins (D:1)
  2 jackals (D:1)
  A ball python (D:1)
  3 frilled lizards (D:1)
  3 kobolds (D:1)
  3 rats (D:1)
25 creatures vanquished.

Notes
Turn   | Place    | Note
-------+----------+-------------------------------------------
     0 | D:1      | Timinator the Demigod Transmuter began the quest for the
                  | Orb.
     0 | D:1      | Reached XP level 1. HP: 15/15 MP: 5/5
   156 | D:1      | Reached skill level 1 in Fighting
   500 | D:1      | Reached XP level 2. HP: 19/23 MP: 4/7
   571 | D:1      | Reached skill level 3 in Unarmed Combat
  1049 | D:1      | Reached XP level 3. HP: 28/28 MP: 6/8
  1098 | D:1      | Learned a level 2 spell: Wereblood
  1441 | D:1      | HP: 1/28 [gnoll/+0 whip (8)]
  1443 | D:1      | Slain by a gnoll

Illustrated notes

Levels and vault maps discovered:
D:1:      dpeg_arrival_another_circle, layout_basic, serial_bayou_lagoon_b
D:2:      cheibrodos_old_hovel, layout_basic, nicolae_ecumenical_snake_handling,
          minmay_cut_off, uniq_natasha

Skill      XL: |  1  2 |
---------------+-------+-----
Fighting       | 1 |  1.3
Dodging        | 2 |  2.1
Unarmed Combat | 3 |  3.2
Transmutations | 2 |  2.1
Spellcasting   | 2 |  2.0
Armour         | |  0.9

Action                   || total
-------------------------++-------
Melee: Unarmed           ||    70
       Kick              ||    15
       Headbutt          ||    11
       Punch             ||     1
 Cast: Beastly Appendage ||    17
       Wereblood         ||     1
  Use: Potion            ||     1
Armor: Robe              ||    13
       Skin              ||     7
Dodge: Dodged            ||    49
